 Dungeon Crawl Stone Soup version 0.23.2 (webtiles) character file.

Game seed: 10963873374736495681

3361 Elric the Thaumaturge (level 9, -7/39 HPs)
             Began as a Spriggan Conjurer on Apr 2, 2019.
             Was a Believer of Vehumet.
             Mangled by a wyvern (20 damage)
             ... on level 8 of the Dungeon.
             The game lasted 00:37:06 (11521 turns).

Elric the Thaumaturge (Spriggan Conjurer)          Turns: 11521, Time: 00:37:07

Health: -7/39      AC:  4    Str:  4    XL:     9   Next: 73%
Magic:  32/32      EV: 23    Int: 20    God:    Vehumet [**....]
Gold:   240        SH:  0    Dex: 16    Spells: 11/26 levels left

rFire    . . .     SeeInvis +   n - +1 quarterstaff (speed)
rCold    + . .     Gourm    .   (shield currently unavailable)
rNeg     . . .     Faith    .   v - +2 robe {rC+}
rPois    .         Spirit   .   (helmet restricted)
rElec    .         Reflect  .   k - scarf {cloud immunity}
rCorr    .         Harm     .   (gloves unavailable)
MR       +....                  (boots unavailable)
Stlth    ++++......             (no amulet)
HPRegen  0.13/turn              y - ring of magical power
MPRegen  0.23/turn              o - ring of wizardry

@: starving, very quick
A: very small, unfitting armour, see invisible, herbivore, speed 3, slow
metabolism 2
a: Renounce Religion


You were on level 8 of the Dungeon.
You worshipped Vehumet.
Vehumet was pleased with you.
You were starving.

You visited 1 branch of the dungeon, and saw 9 of its levels.

You collected 240 gold pieces.

Inventory:

Hand Weapons
 l - a +0 whip
 n - a +1 quarterstaff of speed (weapon)
Missiles
 g - 7 tomahawks (quivered)
Armour
 a - a +1 robe
 k - a scarf of cloud immunity (worn)
 v - a +2 robe of cold resistance (worn)
 B - a +0 cloak
Jewellery
 i - an uncursed ring of stealth
 o - a ring of wizardry (right hand)
 t - a cursed ring of teleportation
 u - an uncursed ring of positive energy
 y - a ring of magical power (left hand)
 C - an uncursed ring of poison resistance {unknown}
Wands
 r - a wand of paralysis (10)
Scrolls
 b - a scroll of immolation {unknown}
 c - a scroll of fog {unknown}
 d - a scroll of enchant weapon
 e - a scroll of remove curse {unknown}
 j - 2 scrolls of enchant armour
 m - a scroll of amnesia
 p - 2 scrolls of blinking
 s - a scroll of magic mapping
 x - a scroll of fear
 A - 4 scrolls of identify
Potions
 f - a potion of degeneration {unknown}
 h - a potion of heal wounds {unknown}
 q - a potion of brilliance {unknown}
 z - 2 potions of lignification {unknown}


   Skills:
 * Level 7.6 Dodging
 - Level 7.0 Stealth
 - Level 9.1 Spellcasting
 + Level 6.8 Conjurations
 + Level 5.0 Hexes
 - Level 3.4 Necromancy


You had 11 spell levels left.
You knew the following spells:

 Your Spells              Type           Power        Failure   Level  Hunger
a - Magic Dart            Conj           ####         1%          1    None
b - Searing Ray           Conj           #####.       1%          2    None
c - Iskenderun's Mystic   Conj           #####...     1%          4    ###....
d - Dazzling Spray        Conj/Hex       ####..       1%          3    None
e - Fulminant Prism       Conj/Hex       ####......   2%          4    ###....
f - Animate Skeleton      Necr           N/A          1%          1    None

Your spell library contained the following spells:

 Spells                   Type           Power        Failure   Level  Hunger
 Throw Flame              Conj/Fire      ###...       1%          2    None
 Confusing Touch          Hex            ####..       1%          1    None
 Apportation              Tloc           #.....       3%          1    None
 Infusion                 Chrm           #...         3%          1    None
 Summon Small Mammal      Summ           #...         3%          1    None
 Spectral Weapon          Hex/Chrm       ###.....     3%          3    None
 Shroud of Golubria       Chrm/Tloc      #.........   4%          2    None
 Song of Slaying          Chrm           #.......     4%          2    None
 Regeneration             Chrm/Necr      ###.......   4%          3    None
 Force Lance              Conj/Tloc      ###.....     8%          4    ###....


Dungeon Overview and Level Annotations

Branches:
Dungeon (9/15)
 Temple: D:4-7         Lair: D:8-11         Orc: D:9-12

Altars:
Ashenzari
Dithmenos
Fedhas
Makhleb
Nemelex Xobeh
Sif Muna
Vehumet
Wu Jian
Xom
Yredelemnul
The Shining One

Shops:
D:7 (

Annotations:
D:4 Prince Ribbit


Innate Abilities, Weirdness & Mutations

You are very small and have problems with some larger weapons.
You are too small for most types of armour.
You have supernaturally acute eyesight. (SInv)
You are a herbivore.
You cover ground extremely quickly.
You need to consume almost no food.


Message History

The bullfrog is severely wounded.
The bullfrog closely misses you.
You hit the bullfrog.
The bullfrog is almost dead.
The bullfrog hits you but does no damage.
The bullfrog completely misses you.
You hit the bullfrog.
You kill the bullfrog!
Vehumet accepts your kill.
You see here a bullfrog corpse.
Found a long sword.
You're too hungry to rest.
You're too hungry to rest.
You see here a long sword.
You open the door.
There is an open door here.
There is a stone staircase leading up here.
You climb upwards.
The wyvern bites you!!
Ouch! That really hurt!
You die...

##### #.# #.# ....# #.# #.#
....#### #o# #.# ..!H...# #.# #.#
.......# #o# #.# .......#
#.#######.# ...<...# #.#.....#.#
....############'#.###.#.########
................@..#.............
...######.#....l...#.#.#.########
###### #.#........#.#.#<..# #
.....# #.#...H....#,#.#.#.# #
...?.# #.#...S....#,#O#.#.# #
.....####.#........#,#.#.#.######
.....+......####'#.#.#.#.#.......
.....####.#.#*##'#'#.#$#.########
.....# #.#..##o.....#,#..,,,,,,,


You could see a hippogriff, a wyvern, an adder and 2 orcs.

Vanquished Creatures
  A hippogriff (D:7)
  A hornet (D:7)
  Sigmund (D:3)
  A hungry ghost (D:7)
  Menkaure (D:6)
  Edmund (D:6)
  2 sky beasts
  An orc warrior (D:7)
  3 necrophages (D:6)
  2 ogres
  A phantom (D:4)
  Blork the orc (D:4)
  3 bullfrogs
  A howler monkey (D:4)
  3 crimson imps
  A quasit (D:7)
  A centaur zombie (D:6)
  2 orc priests (D:4)
  A hound (D:4)
  A jelly (D:6)
  A centaur skeleton (D:7)
  A bullfrog skeleton (D:6)
  5 iguanas
  Natasha (thrice) (D:2)
  2 worker ants
  8 orc wizards
  A howler monkey zombie (D:6)
  A howler monkey skeleton (D:5)
  4 adders
  2 shadow imps (D:5)
  3 oozes
  An adder zombie (D:7)
  6 worms
  3 dart slugs (D:1)
  3 leopard geckos
  24 orcs
  A ball python (D:4)
  6 giant cockroaches
  9 hobgoblins
  15 jackals
  10 kobolds
  3 quokkas
  8 bats
  9 frilled lizards
  11 goblins
  2 jackal skeletons (D:4)
  A jackal zombie (D:6)
  6 rats
178 creatures vanquished.

Vanquished Creatures (collateral kills)
  A hornet (D:7)
  Eustachio (D:6)
  A howler monkey (D:7)
  A hound zombie (D:7)
4 creatures vanquished.

Vanquished Creatures (others)
  39 fulminant prisms
  4 plants (D:6)
43 creatures vanquished.

Grand Total: 225 creatures vanquished

Notes
Turn   | Place    | Note
-------+----------+-------------------------------------------
     0 | D:1      | Elric the Spriggan Conjurer began the quest for the Orb.
     0 | D:1      | Reached XP level 1. HP: 9/9 MP: 5/5
   278 | D:1      | Reached XP level 2. HP: 13/13 MP: 0/6
   410 | D:1      | Reached skill level 3 in Spellcasting
  1172 | D:1      | Reached XP level 3. HP: 16/16 MP: 3/8
  1570 | D:2      | Noticed Natasha
  1585 | D:2      | Killed Natasha
  1706 | D:2      | Found a faded altar of an unknown god.
  1797 | D:2      | Reached XP level 4. HP: 21/21 MP: 1/10
  1901 | D:2      | Noticed Natasha
  1918 | D:2      | Killed Natasha
  2789 | D:2      | Learned a level 2 spell: Searing Ray
  2804 | D:2      | Noticed Natasha
  2828 | D:2      | Killed Natasha
  2828 | D:2      | Reached XP level 5. HP: 22/24 MP: 6/11
  3174 | D:3      | Reached skill level 4 in Spellcasting
  3410 | D:3      | Reached skill level 5 in Stealth
  3840 | D:3      | Noticed Sigmund
  3853 | D:3      | Killed Sigmund
  3853 | D:3      | Reached skill level 5 in Dodging
  3853 | D:3      | Reached XP level 6. HP: 28/28 MP: 8/14
  3912 | D:3      | Learned a level 4 spell: Iskenderun's Mystic Blast
  3916 | D:3      | Learned a level 3 spell: Dazzling Spray
  3921 | D:3      | Learned a level 4 spell: Fulminant Prism
  4096 | D:3      | Found a shimmering altar of Xom.
  4098 | D:3      | Found a shimmering altar of Xom.
  4120 | D:3      | Found a sparkling altar of Nemelex Xobeh.
  4315 | D:3      | Found a basalt altar of Yredelemnul.
  4500 | D:4      | Reached skill level 5 in Spellcasting
  4500 | D:4      | Reached skill level 1 in Hexes
  4623 | D:4      | Reached XP level 7. HP: 22/32 MP: 5/15
  5741 | D:4      | Noticed Blork the orc
  5752 | D:4      | Killed Blork the orc
  5859 | D:4      | Found a deep blue altar of Sif Muna.
  6000 | D:4      | Found a radiant altar of Vehumet.
  6004 | D:4      | Found an ornate altar of the Wu Jian Council.
  6004 | D:4      | Found a shadowy altar of Dithmenos.
  6012 | D:4      | Found a glowing golden altar of the Shining One.
  6015 | D:4      | Found a shimmering altar of Xom.
  6030 | D:4      | Became a worshipper of Vehumet
  6279 | D:5      | Entered Level 5 of the Dungeon
  6374 | D:5      | Noticed Prince Ribbit
  7135 | D:5      | Reached XP level 8. HP: 36/36 MP: 0/17
  7335 | D:5      | Found a burning altar of Makhleb.
  8157 | D:6      | Reached skill level 5 in Conjurations
  8349 | D:6      | Reached * piety under Vehumet
  8349 | D:6      | Offered knowledge of Shock by Vehumet.
  8364 | D:6      | Learned a level 1 spell: Animate Skeleton
  8416 | D:6      | Noticed Edmund
  8734 | D:6      | Killed Edmund
  8734 | D:6      | Reached skill level 1 in Necromancy
  8847 | D:6      | Found a shattered altar of Ashenzari.
  8851 | D:6      | Noticed Eustachio
  8876 | D:6      | Killed Eustachio
  9013 | D:6      | Noticed Menkaure
  9021 | D:6      | Killed Menkaure
  9083 | D:6      | Found a blossoming altar of Fedhas.
  9291 | D:6      | Reached skill level 6 in Spellcasting
  9550 | D:6      | Reached XP level 9. HP: 39/39 MP: 20/20
  9567 | D:6      | Reached skill level 7 in Spellcasting
 10183 | D:7      | Reached skill level 8 in Spellcasting
 10491 | D:7      | Reached skill level 9 in Spellcasting
 10518 | D:7      | Reached ** piety under Vehumet
 10609 | D:7      | Offered knowledge of Throw Flame by Vehumet.
 10683 | D:7      | Found Sutu's Antique Weapon Emporium.
 10756 | D:7      | Reached skill level 5 in Hexes
 11118 | D:8      | Noticed a two-headed ogre
 11174 | D:8      | Noticed a centaur warrior
 11175 | D:8      | Noticed a gargoyle
 11176 | D:8      | Found the +4 moon troll leather armour {Spirit, Regen++
                  | MP+5}
 11521 | D:8      | Mangled by a wyvern

Skill      XL: |  1  2  3  4  5  6  7  8  9 |
---------------+----------------------------+-----
Conjurations   | 3 4 6 |  6.8
Spellcasting   | 3 4 5 6 9 |  9.1
Dodging        | 4 5 6 7 |  7.6
Stealth        | 4 5 7 |  7.0
Hexes          | 2 4 5 |  5.0
Necromancy     | 3 |  3.4

Action                   |  1- 3 |  4- 6 |  7- 9 || total
-------------------------+-------+-------+-------++-------
Melee: Whip              |     2 |       |       ||     2
       Quarterstaff      |       |    35 |    38 ||    73
Throw: Tomahawk          |     7 |     2 |     7 ||    16
 Cast: Magic Dart        |    82 |   109 |   242 ||   433
       Searing Ray       |       |     7 |     2 ||     9
       Iskenderun's Myst |       |       |    28 ||    28
       Fulminant Prism   |       |       |    39 ||    39
       Dazzling Spray    |       |       |     7 ||     7
       Animate Skeleton  |       |       |    15 ||    15
  Use: Scroll            |     1 |       |    13 ||    14
       Potion            |       |       |     2 ||     2
 Stab: Sleeping          |       |     2 |       ||     2
  Eat: Ration            |       |     1 |     6 ||     7
Armor: Robe              |       |     3 |    21 ||    24
Dodge: Dodged            |     9 |    50 |   153 ||   212
